AoeStats
← davidi

MegaRandom

504840993Analyzed
2v2 RM · 27d ago on Sep 6, 2026· 56m 50s· 4 players
Game mode
Random Map
Map size
Medium (4 player)
Population
200
Speed
Normal
Resources
Standard
Victory
Conquest
Starting age
Dark Age
Ending age
Imperial Age
RankedLock teamsTeams togetherTeam positionsShared explorationLock speedFull tech treeHidden civsTurbo modeCheats
Victory
Defeat
🇫🇷 Dravidians · France
1210
+18
🇫🇷 Persians · France
1198
+18
🇸🇰 Romans · Slovakia
1252
-18
🇸🇰 Lithuanians · Slovakia
1252
-18
Mickasator
0:35 Loom
10:22 Feudal Age
12:07 Double-Bit Axe
15:49 Fletching
17:04 Horse Collar
22:55 Castle Age
21:07 Gold Mining
23:23 Padded Archer Armor
23:02 Crossbowman
23:55 Bodkin Arrow
27:22 Stone Mining
31:56 Wheelbarrow
34:52 Bow Saw
35:02 Scale Mail Armor
38:09 Imperial Age
35:37 Town Watch
36:01 Heavy Plow
38:06 Chain Mail Armor
39:54 Two-Man Saw
42:53 Plate Mail Armor
42:33 Forging
42:15 Elite Urumi Swordsman
44:27 Conscription
45:29 Wootz Steel
47:36 Iron Casting
47:02 Squires
46:48 Arson
46:56 Pikeman
49:39 Blast Furnace
50:11 Chemistry
49:21 Masonry
48:40 Halberdier
50:29 Hand Cart
52:03 Siege Elephant
53:16 Bracer
Pierrot
0:42 Loom
10:36 Feudal Age
16:48 Bloodlines
16:39 Double-Bit Axe
19:26 Horse Collar
25:41 Castle Age
24:18 Gold Mining
27:21 Bow Saw
27:14 Heavy Plow
28:02 Gold Shaft Mining
27:48 Pikeman
30:08 Stone Mining
30:56 Wheelbarrow
31:05 Scale Barding Armor
31:02 Scale Mail Armor
34:09 Chain Barding Armor
34:01 Forging
38:05 Squires
38:12 Husbandry
38:52 Iron Casting
38:33 Chain Mail Armor
41:44 Imperial Age
39:30 Hand Cart
39:26 Fletching
41:29 Cavalier
41:32 Halberdier
46:35 Plate Barding Armor
47:01 Blast Furnace
55:39 Plate Mail Armor
fortunes
3:10 Loom
10:38 Feudal Age
12:06 Double-Bit Axe
15:10 Man-at-Arms
18:25 Castle Age
18:05 Padded Archer Armor
21:56 Fletching
22:31 Elite Skirmisher
28:08 Leather Archer Armor
31:24 Ballistics
32:49 Masonry
35:20 Horse Collar
38:14 Town Watch
39:47 Bodkin Arrow
44:02 Bow Saw
47:23 Scale Mail Armor
47:33 Forging
46:51 Crossbowman
47:17 Man-at-Arms
47:58 Squires
48:38 Chain Mail Armor
48:02 Long Swordsman
49:43 Iron Casting
52:44 Wheelbarrow
56:24 Imperial Age
davidi
6:59 Loom
9:34 Feudal Age
10:34 Double-Bit Axe
15:51 Forging
18:15 Horse Collar
19:49 Wheelbarrow
23:39 Castle Age
22:05 Scale Barding Armor
22:59 Bloodlines
22:48 Fletching
25:29 Chain Barding Armor
27:25 Bow Saw
35:16 Hill Forts
37:02 Town Watch
38:11 Heavy Plow
38:19 Squires
38:05 Arson
37:41 Pikeman
39:00 Iron Casting
39:13 Husbandry
43:05 Imperial Age
41:40 Gold Mining
41:48 Bodkin Arrow
44:30 Plate Barding Armor
44:36 Conscription
48:06 Elite Leitis
48:31 Light Cavalry
49:08 Cavalier
51:44 Bracer
Connection lost

Rejoining the realm…

Still unreachable

The connection could not be restored.

Session expired

The server has moved on; the page needs a fresh start.